 Dungeon Crawl Stone Soup version 0.16.2-12-gd0ad4c3 (webtiles) character file.

8864 faibistes the Thaumaturge (level 11, 0/63 HPs)
             Began as a Deep Elf Wizard on Dec 18, 2018.
             Was a Priest of Sif Muna.
             Slain by an unseen horror (6 damage)
             ... on level 9 of the Dungeon.
             The game lasted 00:54:52 (15637 turns).

faibistes the Thaumaturge (Deep Elf Wizard)        Turns: 15637, Time: 00:54:52

Health: 0/63       AC: 11    Str:  6    XL:     11   Next: 15%
Magic:  33/34      EV: 16    Int: 27    God:    Sif Muna [***...]
Gold:   190        SH:  0    Dex: 13    Spells: 12 memorised, 2 levels left

rFire  . . .     SeeInvis .     w - +4 dagger (venom)
rCold  . . .     Clarity  .     H - +0 robe {MR+}
rNeg   . . .     SustAb   .     (no shield)
rPois  +         Gourm    .     b - +0 hat
rElec  .         Spirit   .     a - +1 cloak
rCorr  .         Warding  .     h - +0 pair of gloves
rMut   .         Stasis   .     p - +1 pair of boots
MR     ++...                    (no amulet)
Stlth  ++........               G - ring of poison resistance
                                i - +4 ring of protection

@: repel missiles, very resistant to hostile enchantments, unstealthy
A: strong 1
a: Channel Energy, Forget Spell, Renounce Religion


You were on level 9 of the Dungeon.
You worshipped Sif Muna.
Sif Muna was most pleased with you.
You were not hungry.

You visited 2 branches of the dungeon, and saw 11 of its levels.

You collected 510 gold pieces.
You spent 320 gold pieces at shops.

Inventory:

Hand weapons
 q - a +0 dagger
 w - a +4 dagger of venom (weapon)
 E - a +0 dagger of electrocution
Armour
 a - a +1 cloak (worn)
 b - a +0 hat (worn)
 h - a +0 pair of gloves (worn)
 p - a +1 pair of boots (worn)
 H - a +0 robe of magic resistance (worn)
Magical staves
 y - an uncursed staff of cold
Jewellery
 i - a +4 ring of protection (left hand)
 G - a ring of poison resistance (right hand)
Magical devices
 A - a wand of digging (3)
 C - a wand of enslavement (7)
 J - a wand of digging (9)
 M - a wand of disintegration (3)
Scrolls
 e - 2 scrolls of teleportation
 g - 3 scrolls of blinking
 k - a scroll of remove curse
 o - a scroll of fog {unknown}
 t - a scroll of enchant armour
 v - a scroll of recharging {unknown}
 B - a scroll of fear
 L - 2 scrolls of identify
Potions
 j - a potion of heal wounds
 l - 3 potions of brilliance
 m - 3 potions of curing
 r - a potion of lignification
 s - 4 potions of haste
 u - a potion of restore abilities
 z - a potion of berserk rage
 F - a potion of invisibility
Books
 c - a book of Minor Magic

   Spells                             Type                      Level
   a - Magic Dart                     Conjuration                  1
   b - Blink                          Translocation                2
   c - Call Imp                       Summoning                    2
   d - Repel Missiles                 Charms/Air                   2
   e - Slow                           Hexes                        2
   f - Conjure Flame                  Conjuration/Fire             3
   g - Mephitic Cloud                 Conjuration/Poison/Air       3
 D - a book of Necromancy

   Spells                             Type                      Level
   a - Pain                           Necromancy                   1
   b - Animate Skeleton               Necromancy                   1
   c - Vampiric Draining              Necromancy                   3
   d - Regeneration                   Charms/Necromancy            3
   e - Animate Dead                   Necromancy                   4
   f - Control Undead                 Necromancy                   4
 K - a book of Burglary

   Spells                             Type                      Level
   a - Swiftness                      Charms/Air                   2
   b - Passwall                       Transmutation/Earth          3
   c - Passage of Golubria            Translocation                4
   d - Lee's Rapid Deconstruction     Earth                        5
   e - Invisibility                   Hexes                        6
   f - Darkness                       Hexes                        7
Comestibles
 d - 2 bread rations
 f - a chunk of flesh
 n - 3 meat rations
 x - 2 beef jerkies
 I - 2 fruits


   Skills:
 + Level 5.0 Fighting
 + Level 8.5 Dodging
 - Level 2.4 Stealth
 * Level 12.1 Spellcasting
 + Level 6.5 Conjurations
 + Level 3.1 Charms
 - Level 1.1 Summonings
 * Level 4.0 Necromancy
 + Level 4.0 Translocations
 + Level 4.3 Fire Magic
 - Level 3.1 Air Magic
 * Level 1.4 Earth Magic
 - Level 2.1 Poison Magic
 * Level 3.9 Invocations
 + Level 5.1 Evocations


You had 2 spell levels left.
You knew the following spells:

 Your Spells              Type           Power        Failure   Level  Hunger
a - Magic Dart            Conj           ####         1%          1    None
b - Conjure Flame         Conj/Fire      #####...     1%          3    None
c - Call Imp              Summ           ###.....     3%          2    None
d - Blink                 Tloc           N/A          1%          2    None
e - Mephitic Cloud        Conj/Pois/Air  #####...     2%          3    None
f - Repel Missiles        Chrm/Air       ####..       1%          2    None
g - Animate Skeleton      Necr           N/A          1%          1    None
h - Swiftness             Chrm/Air       ####....     1%          2    None
i - Regeneration          Chrm/Necr      #####.....   2%          3    None
j - Passage of Golubria   Tloc           N/A          8%          4    None
k - Animate Dead          Necr           N/A          8%          4    None
l - Lee's Rapid Deconstr  Erth           ###.......   67%         5    ###....


Dungeon Overview and Level Annotations

Branches:
Dungeon (10/15)            Temple (1/1) D:7             Orc (0/4) D:10
   Lair: D:8-11

Altars:
Ashenzari
Cheibriados
Dithmenos
Elyvilon
Fedhas
Gozag
Kikubaaqudgha
Makhleb
Nemelex Xobeh
Okawaru
Qazlal
Ru
Sif Muna
Trog
Vehumet
Xom
Yredelemnul
Zin
The Shining One

Shops:
D:5 =!*   D:8 *


Innate Abilities, Weirdness & Mutations

Your muscles are strong. (Str +2)


Message History

Something hits you but does no damage.
Casting: Magic Dart
Confirm with . or Enter, or press ? or * to list all spells.
You blink.
Something closely misses you. Something hits you but does no damage.
Something barely misses you.
Something hits you but does no damage. x2
Something closely misses you. Something hits you.
* * * LOW HITPOINT WARNING * * *
Something completely misses you.
Casting: Blink
Confirm with . or Enter, or press ? or * to list all spells.
You blink.
Something hits you but does no damage. Something hits you but does no damage.
Something barely misses you. Something hits you.
* * * LOW HITPOINT WARNING * * *
Something hits you.
You die...

### ..# #.# ################
#.#### #..........#...##########
#....####.####......###...§......
####............@...# #.#########
............#####################
#########.###....................
##.###....................
#####...##..###############..#
#.).....##...).........# #...#
####)###...##.............###...#
#.##)########§##########..##...##
.#..#.#######.........?#..#....#.


There were no monsters in sight!

Vanquished Creatures
  Joseph (D:9)
  Psyche (D:8)
  A troll (D:9)
  Grinder (D:3)
  Prince Ribbit (D:5)
  3 deep elf magi
  A wyvern (D:9)
  Eustachio (D:5)
  4 hippogriffs
  A hungry ghost (D:7)
  Edmund (D:7)
  A water moccasin (D:6)
  A warg (D:9)
  3 orc warriors
  A wasp (D:5)
  An ice beast (D:5)
  4 sky beasts
  5 necrophages
  4 ogres
  4 centaurs
  A crocodile (D:7)
  Sigmund (D:2)
  A big kobold (D:9)
  Duvessa (D:7)
  3 gnoll sergeants
  Blork the orc (D:5)
  8 giant frogs
  A wyvern zombie (D:8)
  8 scorpions
  9 killer bees (D:8)
  A water moccasin skeleton (D:7)
  4 wights (D:8)
  Dowan (D:7)
  2 giant frog skeletons
  2 goliath beetles
  4 hounds
  A quasit (D:9)
  3 giant frog zombies
  10 orc priests
  5 crimson imps
  2 jellies
  A centaur skeleton (D:6)
  6 iguanas
  14 orc wizards
  An elf skeleton (D:9)
  6 worker ants
  Ijyb (D:7)
  A big kobold zombie (D:9)
  A hound zombie (D:5)
  An ogre skeleton (D:9)
  2 hound skeletons
  2 worker ant zombies
  8 adders
  18 gnolls
  A river rat (D:5)
  2 shadow imps
  3 giant mites (D:7)
  4 worms
  2 adder zombies (D:9)
  An adder skeleton (D:7)
  7 giant geckos
  An ooze (D:1)
  35 orcs
  27 bats
  4 giant cockroaches
  2 gnoll zombies (D:5)
  10 goblins
  17 hobgoblins
  10 jackals
  22 kobolds
  3 ball pythons
  A giant gecko zombie (D:8)
  5 giant newts
  2 hobgoblin skeletons (D:9)
  A jackal skeleton (D:5)
  A jackal zombie (D:9)
  A kobold skeleton (D:9)
  A kobold zombie (D:9)
  An orc skeleton (D:9)
  4 quokkas
  2 quokka skeletons
  6 rats
347 creatures vanquished.

Vanquished Creatures (collateral kills)
  An orc warrior (D:9)
  A centaur zombie (D:9)
  A crimson imp (D:9)
  A hound (D:8)
  An adder (D:8)
  A gnoll (D:9)
  5 orcs
  A hobgoblin (D:9)
  3 jackals
  A quokka (D:9)
16 creatures vanquished.

Vanquished Creatures (others)
  A killer bee (D:8)
  A warg skeleton (D:9)
  A hippogriff skeleton (D:9)
  A giant frog zombie (D:9)
  A giant frog skeleton (D:9)
  A necrophage skeleton (D:9)
  An iguana skeleton (D:9)
  A gnoll skeleton (D:9)
  A giant gecko skeleton (D:9)
  A goblin skeleton (D:7)
  A hobgoblin skeleton (D:9)
  A jackal skeleton (D:9)
  A kobold skeleton (D:8)
  16 orc skeletons
  3 fungi (D:7)
32 creatures vanquished.

Grand Total: 395 creatures vanquished

Notes
Turn   | Place    | Note
--------------------------------------------------------------
     0 | D:1      | faibistes, the Deep Elf Wizard, began the quest for the Orb.
     0 | D:1      | Reached XP level 1. HP: 10/10 MP: 6/6
   456 | D:1      | Reached XP level 2. HP: 15/15 MP: 7/10
   514 | D:1      | Learned a level 2 spell: Blink
   517 | D:1      | Learned a level 2 spell: Call Imp
  1057 | D:1      | Reached skill level 5 in Spellcasting
  1462 | D:1      | Reached XP level 3. HP: 19/19 MP: 5/14
  1530 | D:2      | Learned a level 3 spell: Conjure Flame
  1534 | D:2      | Learned a level 3 spell: Mephitic Cloud
  1557 | D:3      | Found an opulent altar of Gozag.
  1968 | D:2      | Reached XP level 4. HP: 18/24 MP: 4/17
  2042 | D:2      | Learned a level 2 spell: Repel Missiles
  2324 | D:2      | Noticed Sigmund
  2340 | D:2      | Killed Sigmund
  2340 | D:2      | Reached skill level 6 in Spellcasting
  2340 | D:2      | Reached XP level 5. HP: 23/28 MP: 3/20
  2645 | D:3      | Noticed Grinder
  3275 | D:3      | Reached XP level 6. HP: 25/32 MP: 14/22
  3933 | D:3      | Killed Grinder
  3933 | D:3      | Reached skill level 7 in Spellcasting
  3933 | D:3      | Reached XP level 7. HP: 36/36 MP: 10/25
  4151 | D:5      | Entered Level 5 of the Dungeon
  4198 | D:5      | Noticed Prince Ribbit
  4230 | D:5      | Reached skill level 1 in Fighting
  4334 | D:5      | Killed Prince Ribbit
  4334 | D:5      | Reached skill level 5 in Dodging
  4334 | D:5      | Reached skill level 8 in Spellcasting
  4753 | D:5      | Found Miwam's Jewellery Shoppe.
  4829 | D:5      | Reached XP level 8. HP: 45/45 MP: 7/28
  4839 | D:5      | Reached skill level 1 in Evocations
  5049 | D:4      | Reached skill level 9 in Spellcasting
  5429 | D:5      | Found Guehom's General Store.
  5608 | D:5      | Found Tichodgh's Distillery.
  5618 | D:5      | Bought a potion of curing for 45 gold pieces
  5618 | D:5      | Bought a potion of poison for 15 gold pieces
  5877 | D:5      | Noticed Blork the orc
  5883 | D:5      | Killed Blork the orc
  5925 | D:5      | Noticed Eustachio
  5961 | D:5      | Killed Eustachio
  6132 | D:6      | Reached skill level 10 in Spellcasting
  6210 | D:5      | Learned a level 1 spell: Animate Skeleton
  6396 | D:5      | Found a basalt altar of Yredelemnul.
  7041 | D:6      | Reached XP level 9. HP: 52/52 MP: 22/30
  7246 | D:7      | Found a glowing golden altar of the Shining One.
  7652 | D:7      | Noticed Dowan
  7654 | D:7      | Noticed Duvessa
  7723 | D:7      | Killed Dowan
  7900 | D:7      | Killed Duvessa
  7962 | D:7      | Found a sacrificial altar of Ru.
  8195 | D:6      | Found an iron altar of Okawaru.
  8195 | D:6      | Found a radiant altar of Vehumet.
  8655 | D:5      | Bought an uncursed ring of poison resistance for 260 gold pieces
  8807 | D:7      | Found a staircase to the Ecumenical Temple.
  8887 | Temple   | Entered the Ecumenical Temple
  8941 | Temple   | Became a worshipper of Sif Muna the Loreminder
  9085 | D:7      | Noticed Ijyb
  9090 | D:7      | Killed Ijyb
  9173 | D:7      | Reached skill level 1 in Air Magic
  9278 | D:7      | Reached skill level 11 in Spellcasting
  9283 | D:7      | Reached skill level 1 in Poison Magic
  9654 | D:7      | Reached skill level 1 in Fire Magic
  9789 | D:7      | Found a glowing silver altar of Zin.
  9793 | D:7      | Found a shattered altar of Ashenzari.
  9846 | D:7      | Acquired Sif Muna's first power
  9846 | D:7      | Reached skill level 5 in Conjurations
 10065 | D:7      | Noticed Edmund
 10105 | D:7      | Killed Edmund
 10885 | D:8      | Reached XP level 10. HP: 58/58 MP: 20/32
 11025 | D:10     | Entered Level 10 of the Dungeon
 11025 | D:10     | Noticed Joseph
 11476 | D:9      | Killed Joseph
 11476 | D:9      | Reached skill level 1 in Necromancy
 11476 | D:9      | Reached skill level 1 in Invocations
 11509 | D:9      | Acquired Sif Muna's second power
 11758 | D:10     | Reached skill level 1 in Charms
 11786 | D:10     | Found a staircase to the Orcish Mines.
 11970 | D:8      | Noticed Psyche
 12096 | D:8      | Killed Psyche
 12398 | D:8      | Found Wepniruc's Demolitions Depot.
 12683 | D:8      | Gained mutation: Your muscles are strong. (Str +2) [potion of beneficial mutation]
 12752 | D:8      | Learned a level 4 spell: Animate Dead
 12761 | D:8      | Learned a level 3 spell: Regeneration
 13461 | D:9      | Reached skill level 5 in Fighting
 14383 | D:9      | Learned a level 5 spell: Lee's Rapid Deconstruction
 14386 | D:9      | Learned a level 2 spell: Swiftness
 14391 | D:9      | Learned a level 4 spell: Passage of Golubria
 14507 | D:9      | Reached skill level 12 in Spellcasting
 14507 | D:9      | Reached XP level 11. HP: 53/63 MP: 17/34
 14766 | D:9      | Reached skill level 1 in Earth Magic
 14905 | D:9      | Reached skill level 5 in Evocations
 15290 | D:9      | HP: 3/63 [gargoyle/stone arrow (10)]
 15637 | D:9      | Slain by an unseen horror

Action                   |  1- 3 |  4- 6 |  7- 9 | 10-12 || total
-------------------------+-------+-------+-------+-------++-------
Melee: Club              |       |     4 |       |       ||     4
       Dagger            |       |    13 |   163 |   226 ||   402
 Cast: Magic Dart        |    83 |    93 |   370 |   262 ||   808
       Call Imp          |     3 |       |       |       ||     3
       Conjure Flame     |     2 |     8 |    33 |    34 ||    77
       Mephitic Cloud    |     1 |     8 |    29 |    57 ||    95
       Blink             |     1 |     1 |    10 |    10 ||    22
       Repel Missiles    |       |     1 |       |     2 ||     3
       Animate Skeleton  |       |       |     8 |    37 ||    45
       Animate Dead      |       |       |       |     5 ||     5
Invok: Channel Energy    |       |       |     3 |     9 ||    12
Evoke: Wand              |       |       |     6 |     2 ||     8
  Use: Scroll            |       |     4 |     3 |    11 ||    18
       Potion            |       |       |     1 |     3 ||     4
 Stab: Sleeping          |       |       |     2 |       ||     2
       Confused          |       |       |     5 |    17 ||    22
  Eat: Chunk             |     3 |     6 |    20 |    15 ||    44
       Beef jerky        |       |       |     2 |       ||     2
       Fruit             |       |       |       |     2 ||     2
